 Dungeon Sprint DCSS version 0.21-a0-50-g941c862 (webtiles) character file.

8850 Kidiri the Basher (level 11, 0/180 HPs)
             Began as a Troll Monk on June 11, 2017.
             Was a High Priest of Wu Jian.
             Succumbed to a redback's poison
             ... in the Dungeon (Sprint VII: "The Pits").
             The game lasted 00:08:56 (1080 turns).

Kidiri the Basher (Troll Monk)                      Turns: 1080, Time: 00:08:58

Health: 0/180      AC:  8    Str: 26    XL:     11   Next: 15%
Magic:  10/10      EV: 18    Int:  6    God:    Wu Jian [*****.]
Gold:   0          SH:  0    Dex: 18    Spells: 10/10 levels left

rFire    . . .     SeeInvis .   w - +0 giant spiked club
rCold    + . .     Gourm    +   (shield currently unavailable)
rNeg     . . .     Faith    .   r - +0 robe {rC+}
rPois    .         Spirit   .   (helmet restricted)
rElec    .         Reflect  .   (no cloak)
rCorr    .         Harm     .   (gloves unavailable)
MR       .....     NoTele   +   (boots unavailable)
Stlth    ..........             (no amulet)
Regen    0.8/turn               a - +3 ring of protection
MPRegen  0.2/turn               b - +3 ring of dexterity

@: berserking, lethally poisoned (0 -> -20), slowed, glowing, heavenly storm
A: unfitting armour, claws 3, fast metabolism 3, gourmand, regeneration 1,
shaggy fur 1, tough skin 2
a: Serpent's Lash, Heavenly Storm, Renounce Religion


You were in the Dungeon.
You worshipped Wu Jian.
Wu Jian was extremely pleased with you.
You were very full.

You visited 1 branch

Inventory:

Hand Weapons
 q - a +0 giant club
 w - a +0 giant spiked club (weapon)
Missiles
 v - 6 large rocks (quivered)
Armour
 r - a +0 robe of cold resistance (worn)
Jewellery
 a - a +3 ring of protection (left claw)
 b - a +3 ring of dexterity (right claw)
Scrolls
 i - a scroll of blinking
 k - 3 scrolls of remove curse
 l - 5 scrolls of amnesia
 m - a scroll of summoning
Potions
 d - 5 potions of curing
 e - 10 potions of heal wounds
 f - 2 potions of haste
 g - 4 potions of magic
 h - 2 potions of berserk rage
 j - 2 potions of invisibility
 s - a potion of agility
 t - a potion of might
 u - a potion of brilliance
Comestibles
 c - 9 bread rations
 n - 40 fruits
 o - 7 meat rations
 p - 20 chunks of flesh


   Skills:
 * Level 11.2 Fighting
 * Level 12.1 Maces & Flails
 + Level 2.0 Throwing
 + Level 7.7 Armour
 * Level 11.3 Dodging
 * Level 8.7 Stealth


You had 10 spell levels left.
You didn't know any spells.

Dungeon Overview and Level Annotations

Branches:
Dungeon (1/1)

Altars:
Ashenzari
Cheibriados
Dithmenos
Elyvilon
Fedhas
Gozag
Hepliaklqana
Kikubaaqudgha
Makhleb
Nemelex Xobeh
Okawaru
Qazlal
Ru
Sif Muna
Trog
Uskayaw
Vehumet
Wu Jian
Xom
Yredelemnul
Zin
The Shining One
Beogh
Jiyva
Lugonu


Innate Abilities, Weirdness & Mutations

You are too large for most types of armour.
You have claws for hands.
Your metabolism is lightning-fast.
You like to eat raw meat.
Your natural rate of healing is unusually fast.
You are covered in fur. (AC +1)
You have very tough skin. (AC +2)


Message History

* * * LOW HITPOINT WARNING * * *
You are poisoned.
The redback poisons you! The four-headed hydra misses you.
The four-headed hydra bites you!
* * * LOW HITPOINT WARNING * * *
The four-headed hydra bites you!
* * * LOW HITPOINT WARNING * * *
The four-headed hydra misses you. The freezing wraith hits you.
* * * LOW HITPOINT WARNING * * *
The freezing wraith freezes you! You resist.
* * * LOW HITPOINT WARNING * * *
The freezing wraith hits you but does no damage.
The warg bites you!
* * * LOW HITPOINT WARNING * * *
You are too berserk!
You impale the redback!!
You kill the redback!
The Council accepts your kill.
Your Throwing skill increases to level 2!
You die...

########### #
#.........# .+
##.....§.## .##
####...###########§..###
#.)÷...'.%##..##@§D....#
..)##'##...§§##WDho.....
..##...##.§§§#oYYYX.....
..+.....')§§§§GYo§s.....
..##...##.§§§#rZ§.roY...
)÷.##'##..§§§##§o..X....
#..'.§§+..##§§##.......#
####...######## ##.o.###
##.....%.## #o##


You could see a four-headed hydra, an orc knight, a large abomination, a
freezing wraith, a warg, a steam dragon, 3 dream sheep and an orc wizard.

Vanquished Creatures
  A two-headed ogre (D)
  A shadow wraith (D)
  2 deep elf magi (D)
  An orc sorcerer (D)
  A manticore (D)
  A cyclops (D)
  A black mamba (D)
  A gargoyle (D)
  8 dream sheep (D)
  A hippogriff (D)
  A redback (D)
  11 yaks (D)
  A spriggan (D)
  A wraith (D)
  A warg (D)
  2 floating eyes (D)
  2 water moccasins (D)
  3 ogres (D)
  A necrophage (D)
  A small abomination (D)
  A centaur (D)
  A wolf (D)
  A bullfrog (D)
  An earth elemental (D)
  A scorpion (D)
  A quasit (D)
  A gnoll shaman (D)
  2 hell rats (D)
  4 gnolls (D)
  An adder (D)
  An ufetubus (D)
  An orc (D)
  2 goblins (D)
  2 hobgoblins (D)
  3 jackals (D)
  A kobold (D)
  A frilled lizard (D)
  2 giant cockroach zombies (D)
69 creatures vanquished.

Notes
Turn   | Place    | Note
-------+----------+-------------------------------------------
     0 | D        | Kidiri the Troll Monk began the quest for the Orb.
     0 | D        | Reached XP level 1. HP: 22/22 MP: 0/0
    21 | D        | Found a bloodstained altar of Trog.
    21 | D        | Found a deep blue altar of Sif Muna.
    21 | D        | Found a viscous altar of Jiyva.
    21 | D        | Found a hazy altar of Hepliaklqana.
    21 | D        | Found an opulent altar of Gozag.
    22 | D        | Found a glowing golden altar of the Shining One.
    22 | D        | Found a glowing silver altar of Zin.
    22 | D        | Found a basalt altar of Yredelemnul.
    22 | D        | Found a shimmering altar of Xom.
    22 | D        | Found an ornate altar of the Wu Jian Council.
    22 | D        | Found a sacrificial altar of Ru.
    22 | D        | Found a stormy altar of Qazlal.
    22 | D        | Found an iron altar of Okawaru.
    22 | D        | Found a sparkling altar of Nemelex Xobeh.
    22 | D        | Found a burning altar of Makhleb.
    22 | D        | Found a blossoming altar of Fedhas.
    22 | D        | Found a white marble altar of Elyvilon.
    22 | D        | Found a shadowy altar of Dithmenos.
    22 | D        | Found a snail-covered altar of Cheibriados.
    24 | D        | Found a radiant altar of Vehumet.
    24 | D        | Found a corrupted altar of Lugonu.
    24 | D        | Found a roughly hewn altar of Beogh.
    25 | D        | Found a hide-covered altar of Uskayaw.
    25 | D        | Found an ancient bone altar of Kikubaaqudgha.
    25 | D        | Found a shattered altar of Ashenzari.
    31 | D        | Became a worshipper of the Wu Jian Council
    31 | D        | Reached * piety under Wu Jian
    31 | D        | Reached ** piety under Wu Jian
    89 | D        | Reached *** piety under Wu Jian
    89 | D        | Reached skill level 3 in Maces & Flails
    94 | D        | Noticed a floating eye
    94 | D        | Paralysed by a floating eye for 3 turns
    95 | D        | Noticed a gnoll shaman
   100 | D        | Paralysed by a floating eye for 2 turns
   104 | D        | Paralysed by a floating eye for 2 turns
   116 | D        | Reached skill level 1 in Armour
   116 | D        | Reached XP level 2. HP: 12/31 MP: 1/1
   117 | D        | Paralysed by a floating eye for 3 turns
   126 | D        | Paralysed by a floating eye for 2 turns
   131 | D        | Paralysed by a floating eye for 2 turns
   136 | D        | Killed a floating eye
   136 | D        | Reached **** piety under Wu Jian
   136 | D        | Reached skill level 4 in Maces & Flails
   136 | D        | Reached XP level 3. HP: 17/40 MP: 2/2
   136 | D        | Reached XP level 4. HP: 20/49 MP: 3/3
   140 | D        | Reached skill level 5 in Maces & Flails
   140 | D        | Reached XP level 5. HP: 25/55 MP: 4/4
   233 | D        | Reached ***** piety under Wu Jian
   303 | D        | Noticed an ogre
   317 | D        | Noticed an ogre
   325 | D        | Killed an ogre
   325 | D        | Reached skill level 5 in Fighting
   325 | D        | Reached skill level 6 in Maces & Flails
   325 | D        | Reached skill level 5 in Dodging
   325 | D        | Reached XP level 6. HP: 44/66 MP: 5/5
   456 | D        | Reached skill level 7 in Maces & Flails
   456 | D        | Reached XP level 7. HP: 72/76 MP: 6/6
   478 | D        | Reached ****** piety under Wu Jian
   500 | D        | Noticed an orc sorcerer
   505 | D        | Reached skill level 5 in Stealth
   505 | D        | Paralysed by an orc sorcerer for 2 turns
   526 | D        | Killed an orc sorcerer
   526 | D        | Reached skill level 8 in Maces & Flails
   526 | D        | Reached XP level 8. HP: 60/88 MP: 7/7
   652 | D        | Noticed a gargoyle
   652 | D        | Noticed a manticore
   657 | D        | Killed a manticore
   657 | D        | Reached skill level 5 in Armour
   660 | D        | Killed a gargoyle
   660 | D        | Reached skill level 9 in Maces & Flails
   664 | D        | Reached XP level 9. HP: 75/97 MP: 8/8
   697 | D        | Noticed a black mamba
   702 | D        | Killed a black mamba
   709 | D        | Reached skill level 10 in Maces & Flails
   834 | D        | Reached XP level 10. HP: 70/109 MP: 9/9
   891 | D        | Noticed a deep elf mage
   893 | D        | Reached skill level 10 in Dodging
   895 | D        | Reached skill level 10 in Fighting
   902 | D        | Reached skill level 11 in Maces & Flails
   904 | D        | Noticed a deep elf mage
   909 | D        | Killed a deep elf mage
   913 | D        | Killed a deep elf mage
   947 | D        | Noticed a shadow wraith
   947 | D        | Killed a shadow wraith
  1004 | D        | Noticed a cyclops
  1008 | D        | Killed a cyclops
  1021 | D        | Reached skill level 1 in Throwing
  1021 | D        | Noticed a two-headed ogre
  1022 | D        | Reached XP level 11. HP: 118/120 MP: 10/10
  1027 | D        | Killed a two-headed ogre
  1069 | D        | Noticed an orc knight
  1072 | D        | Noticed a four-headed hydra
  1076 | D        | Reached skill level 12 in Maces & Flails
  1079 | D        | HP: 3/180 [warg[an orc knight] (17)]
  1080 | D        | Succumbed to a redback's poison

Vault maps used:
D:        pitsprint

Skill      XL: |  1  2  3  4  5  6  7  8  9 10 11 |
---------------+----------------------------------+-----
Maces & Flails | 3 4 5 6 7 8 9 10 11 12 | 12.1
Fighting       | 3 4 5 6 7 8 9 11 | 11.2
Armour         | 1 2 3 4 5 6 7 |  7.7
Dodging        | 3 4 5 6 7 8 9 11 | 11.3
Stealth        | 3 4 5 6 7 8 |  8.7
Throwing       | 1 2 |  2.0

Action                   |  1- 3 |  4- 6 |  7- 9 | 10-12 || total
-------------------------+-------+-------+-------+-------++-------
Melee: Mace              |    32 |    54 |       |       ||    86
       Giant club        |       |     3 |    73 |    49 ||   125
       Giant spiked club |       |       |       |     7 ||     7
Invok: Serpent's Lash    |       |     1 |       |     2 ||     3
       Heavenly Storm    |       |       |     3 |     4 ||     7
  Use: Potion            |     2 |     2 |       |     1 ||     5
 Stab: Sleeping          |     1 |       |     1 |     2 ||     4
       Distracted        |       |     1 |     1 |       ||     2
  Eat: Chunk             |       |     8 |     5 |     2 ||    15
Armor: Robe              |    11 |    18 |    10 |    12 ||    51
Dodge: Dodged            |    13 |    55 |    51 |    69 ||   188
